 Dungeon Crawl Stone Soup version 0.28-a0-1616-g050a50673c (webtiles) character file.

Game seed: 6990165769944669879

16 Peloso the Covered (level 2, -2/27 HPs)
             Began as a Minotaur Fighter on Jan 22, 2022.
             Slain by a scorpion (5 damage)
             ... on level 2 of the Dungeon.
             The game lasted 00:00:30 (364 turns).

Peloso the Covered (Minotaur Fighter)                Turns: 364, Time: 00:00:31

Health: -2/27      AC:  7    Str: 20    XL:     2   Next: 37%
Magic:  1/1        EV:  9    Int:  5    God:
Gold:   49         SH:  4    Dex:  9    Spells: 1/1 levels left

rFire   . . .      SeeInvis .   a - +0 long sword
rCold   . . .      Faith    .   c - +0 buckler
rNeg    . . .      Spirit   .   b - +0 scale mail
rPois   .          Reflect  .   (helmet restricted)
rElec   .          Harm     .   (no cloak)
rCorr   .          Rampage  .   (no gloves)
Will    .....                   (no boots)
Stlth   ..........              (no amulet)
HPRegen 0.09/turn               (no ring)
MPRegen 0.07/turn               (no ring)

@: lethally poisoned (-2 -> -4)
A: horns 2, retaliatory headbutt
a: no special abilities


You were on level 2 of the Dungeon.
You visited 1 branch of the dungeon, and saw 2 of its levels.

You collected 49 gold pieces.

Inventory:

Hand Weapons
 a - a +0 long sword (weapon)
Armour
 b - a +0 scale mail (worn)
 c - a +0 buckler (worn)
Jewellery
 g - a +6 ring of intelligence
Scrolls
 e - a scroll of silence {unknown}
 h - a scroll of identify {unknown}
Potions
 d - a potion of might
 f - a potion of curing {unknown}


   Skills:
 + Level 3.9 Fighting
 + Level 2.5 Long Blades
 + Level 4.2 Armour
 + Level 3.7 Shields


You had one spell level left.
You didn't know any spells.
Your spell library contained the following spells:

 Spells                   Type           Power      Damage    Failure   Level
 Scorch                   Fire           0%         2d5       96%         2
 Flame Wave               Conj/Fire      0%         2d4       100%        4
 Summon Cactus Giant      Summ           0%         N/A       100%        6


Dungeon Overview and Level Annotations

Branches:
Dungeon (1/15)

Altars:


Innate Abilities, Weirdness & Mutations

You have a pair of horns on your head.
You reflexively headbutt those who attack you in melee.


Message History

Found a blue potion.
The hobgoblin shouts!
A bat comes into view.
The bat moves out of view.
You see here 19 stones.
A hobgoblin is nearby!
A hobgoblin is nearby!
A kobold comes into view. It is wielding a +0 dagger.
A scorpion comes into view.
The bat hits you but does no damage.
You barely miss the bat. You headbutt the bat, but do no damage.
The bat hits you but does no damage. The bat closely misses you.
The kobold throws a stone.
You block the stone. The hobgoblin hits you.
You slash the hobgoblin!
You kill the hobgoblin!
The bat hits you.
The kobold throws a stone.
You block the stone.
Unknown command.
The bat hits you but does no damage. The bat closely misses you.
The bat hits you but does no damage.
The kobold throws a stone.
The stone hits you but does no damage. You block the bat's attack.
The bat hits you but does no damage.
The kobold throws a stone.
The stone barely misses you.
You miss the bat. The bat hits you but does no damage.
You can't go up here!
The bat hits you but does no damage.
There is a stone staircase leading up here.
You block the bat's attack. The scorpion stings you!
You are poisoned.
The scorpion poisons you!
You feel sick. The bat closely misses you.
You feel sick. You block the scorpion's attack.
You hit the scorpion but do no damage. Your headbutt misses the scorpion.
You feel sick. The scorpion stings you!
* * * LOW HITPOINT WARNING * * *
You barely miss the scorpion. Your headbutt misses the scorpion.
* * * LOW HITPOINT WARNING * * *
You feel sick. The scorpion closely misses you. The scorpion stings you.
You die...

....... #...!.... #.........
#### #......... ....
#......... #..######
#.........
#...@sb.###.........
##.###K...(......... #
#.###<............. . #.
#####...........†......
..#.##.......#..............
.......####.#.....##.......
#...#..###.#......#.#.....
#...#.....#......#.#.....
#......).......... ....


You could see a scorpion, a bat and a kobold.

Vanquished Creatures
  An adder (D:2)
  An endoplasm (D:1)
  A hobgoblin (D:2)
  2 kobolds (D:2)
  A ball python (D:1)
  A bat (D:1)
  A rat (D:1)
8 creatures vanquished.

Notes
Turn   | Place    | Note
-------+----------+-------------------------------------------
     0 | D:1      | Peloso the Minotaur Fighter began the quest for the Orb.
     0 | D:1      | Reached XP level 1. HP: 19/19 MP: 0/0
   176 | D:1      | You fall into a shaft and drop 1 floor!
   187 | D:2      | Reached skill level 4 in Armour
   187 | D:2      | Reached XP level 2. HP: 15/27 MP: 1/1
   350 | D:2      | Noticed a scorpion
   364 | D:2      | Slain by a scorpion

Illustrated notes

Levels and vault maps discovered:
D:1:      sevenhm_arrival_forest_fort_large_4, layout_rooms, serial_shops,
          nicolae_diamond_shop, minmay_strange_pillars, glass_columns_b
D:2:      layout_rooms, ebering_ecumenical_altar_abandoned,
          minmay_misc_feat_diagonals, nicolae_underground_beach

Skill      XL: |  1 |
---------------+----+-----
Armour         | 4 |  4.2
Fighting       | |  3.9
Long Blades    | |  2.5
Shields        | |  3.7

Action                   || total
-------------------------++-------
Melee: Long sword        ||    21
       Headbutt          ||     3
Armor: Scale mail        ||    28
Dodge: Dodged            ||    18
Block: Buckler           ||    12

Table legend: (Time is in decaauts)
 A = Elapsed time spent in this place.
 B = Non-inter-level travel time spent in this place.
 C = Inter-level travel time spent in this place.
 D = Time resting spent in this place.
 E = Time spent auto-exploring this place.
 F = Levels seen in this place.
 G = Mean time per level.
                   A        B        C        D        E       F      G
               +--------+--------+--------+--------+--------+-----+--------+
         Total |    370 |    370 |      0 |      0 |    293 |   2 |  185.0 |
       Dungeon |    370 |    370 |      0 |      0 |    293 |   2 |  185.0 |
               +--------+--------+--------+--------+--------+-----+--------+

Top non-repeatable levels by time:
     D:2: 191 daAuts
     D:1: 179 daAuts
